Match 41695400
Unlisted

Match 41695400
End
Royal Engineer Section
Construct Section Command Post
Selects Indian Artillery Battlegroup
Infantry Section
Infantry Section
Selects Towed ML 4.2-inch Heavy Mortar
Towed ML 4.2-inch Heavy Mortar
Infantry Section
Construct Platoon Command Post
Selects Off-map Airburst Barrage
Construct Company Command Post
Selects BL5.5 Artillery Emplacement
Foot Guards Section
Grenade Package
Off-map Airburst Barrage
Selects Valour
Selects Gurkha Rifles Section
Crusader II Medium Tank
Off-map Airburst Barrage
Selects Volunteer Infantry
Crusader II Medium Tank
Foot Guards Section
ferg37
Grand.G
0
0

Comments sign in to comment!

No comments posted yet!